 Dungeon Crawl Stone Soup version 0.28.0 (webtiles) character file.

Game seed: 9528659761467745771

1950 snetch the Magician (level 9, -4/58 HPs)
             Began as a Djinni Fire Elementalist on Feb 7, 2022.
             Was a Priest of Elyvilon.
             Slain by Duvessa (16 damage)
             ... on level 6 of the Dungeon.
             The game lasted 00:30:39 (4695 turns).

snetch the Magician (Djinni Fire Elementalist)      Turns: 4695, Time: 00:30:45

Health: -4/58      AC:  4    Str:  7    XL:     9   Next: 41%
Gold:   152        EV: 12    Int: 22    God:    Elyvilon [***...] SH:  0 Dex: 13

rFire   + + .      SeeInvis .   a - +0 falchion
rCold   x . .      Faith    .   (no shield)
rNeg    . . .      Spirit   .   t - +0 troll leather armour {Pargi}
rPois   ∞          Reflect  .   (no helmet)
rElec   .          Harm     .   q - scarf {repulsion}
rCorr   .          Rampage  .   (no gloves)
Will    .....                   (boots unavailable)
Stlth   ++........              (no amulet)
HPRegen 0.99/turn               (no ring)
MPRegen 0.00/turn               (no ring)

@: flying, repel missiles
A: sickness immunity, fire resistance 2, cold vulnerability 1, float, innate
caster, HP casting, extra vitality 1
a: Renounce Religion, Purification, Heal Other, Heal Self


You were on level 6 of the Dungeon.
You worshipped Elyvilon.
Elyvilon was most pleased with you.
You visited 2 branches of the dungeon, and saw 7 of its levels.

You collected 191 gold pieces.
You spent 39 gold pieces at shops.

Inventory:

Hand Weapons
 a - a +0 falchion (weapon)
 b - a +0 hand axe of flaming
 c - a +1 halberd of protection
Missiles
 g - 118 stones
 j - 63 sling bullets
 l - 10 bolts
 s - 12 boomerangs
 A - a throwing net
 M - 129 arrows
Armour
 m - an orb of guile
 q - a scarf of repulsion (worn)
 t - a +0 troll leather armour (worn) {Pargi}
 v - a +0 chain mail
 C - a +0 scale mail
 E - the +4 ring mail "Omynuocw" {Rampage Will+ Str+4 Dex-3}
   (You found it on level 4 of the Dungeon)

   Str:       It affects your strength (+4).
   Dex:       It affects your dexterity (-3).
   Rampage:   It bestows one free step when moving towards enemies.
   Will:      It increases your willpower.
Scrolls
 e - 2 scrolls of silence {unknown}
 k - a scroll of acquirement {unknown}
 p - 3 scrolls of teleportation
 r - 5 scrolls of identify {unknown}
 u - a scroll of brand weapon {unknown}
 x - a scroll of magic mapping {unknown}
 z - a scroll of amnesia {unknown}
 D - a scroll of vulnerability {unknown}
 F - a scroll of noise {unknown}
 G - 2 scrolls of fog {unknown}
 H - a scroll of holy word {unknown}
 I - a scroll of blinking {unknown}
 J - a scroll of immolation {unknown}
Potions
 d - a potion of flight {unknown}
 f - a potion of degeneration {unknown}
 h - a potion of heal wounds {unknown}
 i - 6 potions of curing
 n - a potion of lignification {unknown}
 B - 3 potions of resistance {unknown}
 N - a potion of mutation {unknown}


   Skills:
 + Level 1.9 Fighting
 + Level 3.0 Armour
 + Level 4.5 Dodging
 + Level 2.8 Stealth
 + Level 7.9 Spellcasting
 + Level 1.6 Invocations


You had one spell level left.
You knew the following spells:

 Your Spells              Type           Power      Damage    Failure   Level
a - Foxfire               Conj/Fire      100%       2x1d9     1%          1
b - Scorch                Fire           86%        2d9       1%          2
c - Conjure Flame         Conj/Fire      43%        6-21      1%          3
d - Inner Flame           Hex/Fire       43%        N/A       1%          3
e - Flame Wave            Conj/Fire      43%        2d9       4%          4
f - Animate Skeleton      Necr           86%        N/A       1%          1
g - Corpse Rot            Necr/Air       86%        N/A       1%          2
h - Tukima's Dance        Hex            43%        N/A       1%          3
i - Spider Form           Tmut/Pois      43%        N/A       1%          3
Your spell library was empty.

Dungeon Overview and Level Annotations

Branches:
Dungeon (6/15)             Temple (1/1) D:5

Altars:
Ashenzari
Cheibriados
Elyvilon
Gozag
Hepliaklqana
Makhleb
Nemelex Xobeh
Okawaru
Qazlal
Ru
Sif Muna
Uskayaw
Vehumet
Yredelemnul
Zin
The Shining One

Shops:
D:3 ?[*![

Annotations:
D:6 Duvessa


Innate Abilities, Weirdness & Mutations

You are immune to sickness and miasma.
You are immune to poison.
Your flesh is very heat resistant. (rF++)
You are vulnerable to cold. (rC-)
You float through the air rather than walking.
You learn spells naturally, not from books.
Your magical power is your life essence.
You have superior vitality. (+4 MHP)


Message History

Duvessa hits you with a +0 rapier!
Your magical contamination has completely faded away.
You conjure some foxfire!
The foxfire hits Duvessa.
Duvessa is lightly wounded.
Duvessa barely misses you.
Unknown command.
Casting: Foxfire (safe; 1% risk of failure)
Confirm with . or Enter, or press ? or * to list all spells.
Flames lash Duvessa.
Duvessa is lightly wounded.
Duvessa's fire resistance burns away.
The foxfire hits Duvessa!
Duvessa is burned terribly!
Duvessa is moderately wounded.
The foxfire hits Duvessa.
Duvessa is burned terribly!
Duvessa is moderately wounded.
The foxfire hits Duvessa but does no damage.
Duvessa is moderately wounded.
Duvessa hits you with a +0 rapier! Duvessa barely misses you.
Casting: Scorch (safe; 1% risk of failure)
Confirm with . or Enter, or press ? or * to list all spells.
Flames lash the centaur zombie.
The centaur zombie is heavily damaged.
The centaur zombie's fire resistance burns away.
Duvessa hits you with a +0 rapier!
Unknown command.
Casting: Scorch (safe; 1% risk of failure)
Confirm with . or Enter, or press ? or * to list all spells.
Flames lash the centaur zombie.
The centaur zombie is burned terribly!
The centaur zombie is almost destroyed.
Duvessa hits you with a +0 rapier!
* * * LOW HITPOINT WARNING * * *
Duvessa completely misses you.
It was a potion of curing.
You feel better.
Duvessa is no longer more vulnerable to fire.
Duvessa closely misses you.
The centaur zombie completely misses you.
The centaur zombie closely misses you.
The centaur zombie hits you but does no damage.
The centaur zombie closely misses you. Duvessa hits you with a +0 rapier!
You die...

.# .# .# .# .#
#####.#
#...#.####.#
##.####..e@......#
.....)...Z..######
##.#####.#### #.#
#.# #########.#
.......<..#
###########


You could see Duvessa (berserk, fast) and a centaur zombie (combustible).

Vanquished Creatures
  Grinder (D:4)
  Menkaure (D:4)
  Pargi (D:3)
  A necrophage (D:5)
  An ogre (D:5)
  A centaur (D:5)
  2 scorpions
  A water moccasin zombie (D:5)
  A gnoll sergeant (D:5)
  Dowan (D:6)
  A water moccasin skeleton (D:5)
  4 howler monkeys (D:5)
  An orc priest (D:5)
  2 hounds (D:5)
  4 iguanas
  4 orc wizards
  21 gnolls
  11 adders
  4 worms
  3 dart slugs
  25 orcs
  12 endoplasms
  4 giant cockroaches
  10 goblins
  4 hobgoblins
  10 jackals (D:5)
  5 kobolds
  3 quokkas
  4 ball pythons
  2 bats
  2 frilled lizards
  5 rats
152 creatures vanquished.

Vanquished Creatures (collateral kills)
  A dart slug (D:1)
  A goblin (D:1)
  A kobold (D:1)
  A rat (D:1)
4 creatures vanquished.

Vanquished Creatures (others)
  444 foxfires
  A plant (D:5)
  7 toadstools (D:1)
452 creatures vanquished.

Grand Total: 608 creatures vanquished

Notes
Turn   | Place    | Note
-------+----------+-------------------------------------------
     0 | D:1      | snetch the Djinni Fire Elementalist began the quest for the
                  | Orb.
     0 | D:1      | Reached XP level 1. HP: 15/15 MP: 0/0
   168 | D:1      | Reached XP level 2. HP: 13/21 MP: 0/0
   504 | D:1      | Reached skill level 3 in Spellcasting
   506 | D:1      | Reached XP level 3. HP: 8/25 MP: 0/0
   506 | D:1      | Learned a level 1 spell: Animate Skeleton
   559 | D:1      | HP: 1/25 [goblin (4)]
   977 | D:1      | Found a faded altar of an unknown god.
   981 | D:1      | Prayed at the altar of an unknown god.
   981 | D:1      | Became a worshipper of Elyvilon the Healer
   981 | D:1      | Reached * piety under Elyvilon
  1174 | D:2      | Reached XP level 4. HP: 28/31 MP: 0/0
  1331 | D:3      | Found Qorokhug's Magic Scroll Shop.
  1332 | D:3      | Noticed Pargi
  1335 | D:3      | Bought a scroll of teleportation for 39 gold pieces
  1343 | D:3      | Killed Pargi
  1344 | D:3      | Reached skill level 4 in Spellcasting
  1344 | D:3      | Reached XP level 5. HP: 26/35 MP: 0/0
  1344 | D:3      | Learned a level 2 spell: Corpse Rot
  1402 | D:3      | Reached XP level 6. HP: 22/41 MP: 0/0
  1700 | D:3      | Found Ahiqiag's Distillery.
  1797 | D:2      | Reached ** piety under Elyvilon
  1852 | D:2      | Reached skill level 5 in Spellcasting
  2224 | D:3      | Found Foujoin's Antique Armour Shop.
  2241 | D:3      | Reached XP level 7. HP: 46/46 MP: 0/0
  2241 | D:3      | Learned a level 3 spell: Tukima's Dance
  2319 | D:3      | Found Faereb's General Store.
  2325 | D:3      | Found Zathreps's Antique Armour Shoppe.
  2400 | D:3      | Found a snail-covered altar of Cheibriados.
  2613 | D:4      | Reached *** piety under Elyvilon
  2755 | D:4      | Identified the +4 ring mail "Omynuocw" {Rampage Will+ Str+4
                  | Dex-3}
  2816 | D:4      | Noticed Grinder
  2821 | D:4      | Killed Grinder
  2822 | D:4      | Reached skill level 1 in Fighting
  2822 | D:4      | Reached skill level 1 in Armour
  2873 | D:5      | Entered Level 5 of the Dungeon
  3101 | D:4      | Noticed Menkaure
  3103 | D:4      | Reached skill level 6 in Spellcasting
  3103 | D:4      | Reached XP level 8. HP: 42/52 MP: 0/0
  3108 | D:4      | Killed Menkaure
  3394 | D:5      | Found a staircase to the Ecumenical Temple.
  3401 | Temple   | Entered the Ecumenical Temple
  3708 | D:5      | Reached skill level 7 in Spellcasting
  4059 | D:5      | Reached XP level 9. HP: 50/57 MP: 0/0
  4059 | D:5      | Learned a level 3 spell: Spider Form
  4081 | D:5      | Reached skill level 1 in Invocations
  4680 | D:6      | Noticed Dowan
  4684 | D:6      | Noticed Duvessa
  4687 | D:6      | Killed Dowan
  4693 | D:6      | HP: 2/58 [Duvessa (17)]
  4695 | D:6      | Slain by Duvessa

Illustrated notes

Levels and vault maps discovered:
D:1:      nagdon_arrival_double_spiral, layout_basic,
          hellmonk_ecumenical_altar_leap_of_faith
D:2:      layout_loops_cross
D:3:      layout_rooms, chei_slow_surprise, serial_shops, shop, shop, shop,
          shop, nicolae_shop_hallway_stairs, kennysheep_generic_room_6,
          uniq_pargi
D:4:      layout_basic, uniq_menkaure, uniq_grinder
D:5:      lemuel_castle_with_subvaults [lemuel_castle_interior_carwin_1],
          layout_loops_cross, minmay_temple_entry_hall
D:6:      layout_loops_ring, uniq_duvessa
Temple:   minmay_temple_curvy_branch

Skill      XL: |  1  2  3  4  5  6  7  8  9 |
---------------+----------------------------+-----
Spellcasting   | 3 4 5 6 7 |  7.9
Stealth        | 2 |  2.8
Dodging        | 3 4 |  4.5
Fighting       | 1 |  1.9
Armour         | 1 2 3 |  3.0
Invocations    | 1 |  1.6

Action                   |  1- 3 |  4- 6 |  7- 9 || total
-------------------------+-------+-------+-------++-------
Melee: Short sword       |     3 |    10 |     7 ||    20
       Falchion          |       |       |    37 ||    37
 Cast: Foxfire           |    32 |    87 |   154 ||   273
       Animate Skeleton  |     6 |       |       ||     6
       Scorch            |     3 |    13 |    57 ||    73
       Flame Wave        |       |       |     1 ||     1
Invok: Heal Other        |       |       |     8 ||     8
       Heal Self         |       |       |     2 ||     2
  Use: Potion            |       |       |     1 ||     1
 Stab: Sleeping          |       |       |     2 ||     2
Armor: Robe              |     1 |       |       ||     1
       Troll leather arm |       |     6 |    26 ||    32
Dodge: Dodged            |     1 |    13 |   107 ||   121
       Repelled          |       |       |     1 ||     1
